cohdb
Replays
Latest Replays
All Replays
Popular Replays
Top Player Replays
Match Explorer
How It Works
Community
CoH3 Stats
Reddit
Sign in to upload your games and track your stats! →
Sign in with Steam
Match 44798479
Unlisted
Match 44798479
Overview
Messages
Build Orders
End
Selects Heavy Weapons
Construct Weapon Support Center
Engineer Squad
Engineer Squad
M1919 Machine Gun Team
Construct Medical Station
Bazooka Squad
Selects Assault Carriers
M1919 Machine Gun Team
Mechanized Support Center
Selects M2HB .50cal Heavy Machine Gun
M3 Assault Carrier
Selects Exchangeable Parts
M3 Assault Carrier
M3 Assault Carrier
Engineer Squad
Engineer Squad
bili-橘子ch1saT0
recon4051
wear
XKR MentorIvan
AL MOATASEM BELLAH
Fupped
Michael Bolton
MツんムMMED
0
0
Comments
sign in to comment!
No comments posted yet!